 Dungeon Crawl Stone Soup version 0.15-a0-2198-g7f377d1 (webtiles) character file.

1367 Jazzimus the Skirmisher (level 8, -8/45 HPs)
             Began as a Vine Stalker Berserker on July 23, 2014.
             Was an Elder of Trog.
             Mangled by Pikel
             ... wielding a +0 whip of electrocution
              (16 damage)
             ... on Level 5 of the Dungeon.
             The game lasted 00:20:26 (4189 turns).

Jazzimus the Skirmisher (Vine Stalker Berserker)    Turns: 4189, Time: 00:20:26

HP  -8/45        AC  9     Str 20      XL: 8   Next: 65%
MP   0/11        EV  8     Int  9      God: Trog [****..]
Gold 282         SH  0     Dex 14      Spells:  0 memorised,  7 levels left

rFire  . . .     SeeInvis .     a - +0 short sword (curse)
rCold  + . .     Clarity  .     e - +2 scale mail {rC+}
rNeg   . . .     rCorr    .     (no shield)
rPois  .         rRot     +     (no helmet)
rElec  .         Spirit   +     m - +0 cloak
SustAb .         Warding  .     (no gloves)
rMut   .         Stasis   .     (no boots)
Gourm  .                        (no amulet)
MR     +....                    (no ring)
                                (no ring)

@: somewhat resistant to hostile enchantments, very unstealthy
A: fangs 3, regeneration 2, magic shield, antimagic bite, no device heal 3, rot
immunity
a: Burn Spellbooks, Berserk, Trog's Hand, Brothers in Arms, Renounce Religion


You were on level 5 of the Dungeon.
You worshipped Trog.
Trog was greatly pleased with you.
You were not hungry.

You visited 1 branch of the dungeon, and saw 5 of its levels.
You also visited: Ossuary.

You collected 282 gold pieces.

Inventory:

Hand weapons
 a - a cursed +0 short sword (weapon)
Missiles
 s - 9 poisoned needles
 v - a stone (quivered)
Armour
 b - a +0 animal skin
 e - a +2 scale mail of cold resistance (worn)
 m - a +0 cloak (worn)
 x - the -1 robe of Beogh's Pride {Dex+2 Int-1}
   (You found it on level 5 of the Dungeon)

   It affects your intelligence (-1).
   It affects your dexterity (+2).
Magical devices
 p - a wand of draining (1)
 r - a wand of confusion (5)
 t - a wand of digging (20)
 w - a wand of enslavement (3)
 B - a wand of confusion (13)
Comestibles
 c - 2 bread rations
 d - 6 fruits
 h - 6 meat rations
Scrolls
 g - a scroll of vulnerability
 i - a scroll of magic mapping
 j - a scroll of amnesia
 l - 2 scrolls of identify
 y - 2 scrolls of remove curse
 z - a scroll of recharging
 A - a scroll of fog {unknown}
Jewellery
 k - an uncursed ring of teleportation
Potions
 n - a potion of invisibility
 q - 3 potions of curing
 u - 3 potions of brilliance
Magical staves
 f - a cursed staff of wizardry
 o - a cursed staff of air


   Skills:
 * Level 6.7 Fighting
 * Level 6.7 Short Blades
 - Level 1.7 Armour
 - Level 2.0 Dodging
 + Level 4.3 Stealth


You had 7 spell levels left.
You didn't know any spells.

Dungeon Overview and Level Annotations

Branches:
Dungeon (5/15)
 Temple: D:4-7

Altars:
Ashenzari
Cheibriados
Nemelex Xobeh

Annotations:
D:5 Pikel


Innate Abilities, Weirdness & Mutations

You have razor-sharp teeth.
You heal very quickly.
When hurt, damage is shared between your health and your magic reserves.
Your bite disrupts and absorbs the magic of your enemies.
Potions and wands cannot restore your health.
You are immune to rotting.


Message History

Aim: Pikel, wielding a runed whip, wearing a robe and carrying a wand of hasting {zapped: 1} (fast) Pikel resists.
The slave hits you but does no damage. Pikel hits you but does no damage.
The slave hits you.
Evoke which item? (* to show all) (? for menu, Esc to quit)
Zapping:
w - a wand of enslavement {zapped: 8}
Press: ? - help, Shift-Dir - straight line, f/p - Pikel
Aim: Pikel, wielding a runed whip, wearing a robe and carrying a wand of hasting {zapped: 1} (fast) Pikel resists.
Pikel hits you but does no damage. The slave hits you.
The slave closely misses you. Pikel hits you but does no damage.
You are electrocuted!
* * * LOW HITPOINT WARNING * * *
Evoke which item? (* to show all) (? for menu, Esc to quit)
Zapping:
w - a wand of enslavement {zapped: 9}
Press: ? - help, Shift-Dir - straight line, f/p - Pikel
Aim: Pikel, wielding a whip of electrocution, wearing a robe and carrying a wand of hasting {zapped: 1} (fast) Pikel resists.
The slave barely misses you.
Pikel hits you with a whip of electrocution.
* * * LOW HITPOINT WARNING * * *
You are electrocuted!
You die...

#.# #.# #.###.# #.# ##'##
#.#...# ####.# ##...## #(#.#.#
#....# ##.....## ##.....#
#....######.......## #.......
##..................###)#####.
#...................'...# #.
#........##.pp......###.# #.
#.....##.##..@K....## #.# #.
##..........#.....### #.#####.
#######<###........# #.......
#.# #.##'###.# ###.#### #.#
#.##.###.# #.# #.#
#.##.....#####.# #.#
#.##.#.......#.# #.#
#.#....#.###.#.# #.#
#......#.......#


You could see Pikel and 2 slaves.

Vanquished Creatures
  3 ogres (D:4)
  3 centaurs (D:5)
  2 elf zombies (Ossuary)
  A scorpion (D:4)
  A centaur zombie (Ossuary)
  4 crimson imps
  A hound (D:4)
  A centaur skeleton (D:5)
  Crazy Yiuf (D:2)
  A human zombie (Ossuary)
  2 worker ants (D:4)
  2 orc wizards (D:3)
  An iguana (D:5)
  A big kobold zombie (Ossuary)
  3 gnolls
  3 mummies
  3 adders
  An inept item mimic (D:2)
  4 worms
  An adder zombie (Ossuary)
  4 giant geckos
  An ooze (D:1)
  4 orcs (D:3)
  3 ball pythons
  3 giant cockroaches
  8 goblins
  8 hobgoblins
  12 kobolds
  2 quokkas
  9 bats
  6 giant newts
  3 goblin zombies (Ossuary)
  A hobgoblin skeleton (D:5)
  6 hobgoblin zombies (Ossuary)
  6 jackals
  2 jackal zombies (Ossuary)
  11 kobold zombies
  10 orc zombies (Ossuary)
  A quokka skeleton (D:5)
  10 rats
149 creatures vanquished.

Notes
Turn   | Place    | Note
--------------------------------------------------------------
     0 | D:1      | Jazzimus, the Vine Stalker Berserker, began the quest for the Orb.
     0 | D:1      | Reached XP level 1. HP: 11/11 MP: 1/1
    32 | D:1      | Found a sparkling altar of Nemelex Xobeh.
   268 | D:1      | Reached XP level 2. HP: 14/16 MP: 3/3
   296 | D:1      | Reached skill level 3 in Short Blades
   607 | D:2      | Acquired Trog's second power
   644 | D:2      | Reached XP level 3. HP: 17/20 MP: 4/4
  1130 | D:2      | Noticed Crazy Yiuf
  1139 | D:2      | Killed Crazy Yiuf
  1139 | D:2      | Reached XP level 4. HP: 15/24 MP: 5/5
  1294 | D:3      | Found a shattered altar of Ashenzari.
  1590 | D:3      | Reached XP level 5. HP: 18/29 MP: 5/7
  1606 | D:3      | Reached skill level 4 in Fighting
  2096 | D:3      | Gained mutation: You heal very quickly. [vine stalker growth]
  2096 | D:3      | Reached XP level 6. HP: 31/34 MP: 8/8
  2155 | D:4      | Found a sparkling altar of Nemelex Xobeh.
  2191 | D:4      | Found a snail-covered altar of Cheibriados.
  2205 | D:4      | Acquired Trog's third power
  2497 | D:4      | Reached skill level 1 in Stealth
  2573 | D:4      | Reached skill level 5 in Fighting
  2573 | D:4      | Reached skill level 5 in Short Blades
  2573 | D:4      | Reached XP level 7. HP: 32/39 MP: 9/9
  3228 | D:5      | Entered Level 5 of the Dungeon
  3362 | D:5      | Got a fabulously ornate robe
  3380 | D:5      | Identified the -1 robe of Beogh's Pride {Dex+2 Int-1} (You found it on level 5 of the Dungeon)
  3415 | D:5      | Found a sand-covered staircase.
  3419 | D:5      | Gained mutation: You have razor-sharp teeth. [vine stalker growth]
  3419 | D:5      | Reached XP level 8. HP: 44/44 MP: 11/11
  3423 | Ossuary  | Entered an ossuary
  3574 | Ossuary  | Reached skill level 6 in Fighting
  4159 | D:5      | Noticed Pikel
  4189 | D:5      | Mangled by Pikel

Action                   |  1- 3 |  4- 6 |  7- 9 || total
-------------------------+-------+-------+-------++-------
Melee: Short sword       |    99 |   248 |   206 ||   553
Throw: Stone             |       |       |     4 ||     4
Invok: Berserk           |     1 |       |     2 ||     3
Evoke: Wand              |       |     3 |    13 ||    16
  Use: Potion            |     2 |     4 |       ||     6
       Scroll            |     1 |     3 |     3 ||     7
 Stab: Sleeping          |     1 |       |       ||     1
  Eat: Chunk             |       |     5 |     2 ||     7
       Beef jerky        |       |     1 |       ||     1
       Fruit             |       |       |     1 ||     1
       Bread ration      |       |       |     1 ||     1
